 Dungeon Crawl Stone Soup version 0.32-a0-871-ge202e49faa (webtiles) character file.

Game seed: 16722204437874285866

5 kae the Slasher (level 1, 0/16 HPs)
             Began as a Coglin Gladiator on Mar 29, 2024.
             Slain by a goblin
             ... wielding a +0 dagger
              (2 damage)
             ... on level 2 of the Dungeon.
             The game lasted 00:00:42 (214 turns).

kae the Slasher (Coglin Gladiator)                   Turns: 214, Time: 00:00:42

Health: 0/16       AC:  4    Str: 14    XL:     1   Next: 80%
Magic:  1/1        EV: 11    Int:  7    God:
Gold:   0          SH:  0    Dex: 15    Spells: 0/0 levels left

rFire   . . .        a - +0 long sword {Annika}
rCold   . . .        f - +0 dagger {Ayize}
rNeg    . . .        b - +0 leather armour
rPois   .            c - +0 helmet
rElec   .            (no cloak)
rCorr   .            (no gloves)
SInv    .            (no boots)
Will    .....        (amulet unavailable)
Stlth   +            (ring unavailable)
HPRegen 0.22/turn    (ring unavailable)
MPRegen 0.07/turn    (no gizmo)

%: no passive effects
@: lethally poisoned (0 -> -3), revved
A: off-hand wielding, slow wielding, warmup strikes, no jewellery
a: Invent Gizmo


You were on level 2 of the Dungeon.
You visited 1 branch of the dungeon, and saw 2 of its levels.


Innate Abilities, Weirdness & Mutations

You can wield a second weapon in your off-hand.
It takes a long time for you to wield or remove held weapons.
Your first few attacks do less damage.
You cannot equip rings or amulets.


   Skills:
 - Level 2.0 Fighting
 + Level 3.4 Long Blades
 - Level 1.7 Throwing
 - Level 2.6 Dodging


You couldn't memorise any spells.
You didn't know any spells.
Your spell library was empty.

Inventory:

Hand Weapons
 a - a +0 long sword (weapon) {Annika}
 f - a +0 dagger (offhand) {Ayize}
Missiles
 d - 3 throwing nets (quivered) {=f!f}
 e - a javelin
Armour
 b - a +0 leather armour (worn)
 c - a +0 helmet (worn)
Potions
 g - a potion of resistance {unknown}
 h - a potion of might {unknown}

Dungeon Overview and Level Annotations

Branches:
Dungeon (1/15) Zot: 11784

Altars:

##.# ### #... ..# #..##
#.# ##...## #.########
######.....####.##......
...................####.
######..######.##.#. #.
#.># #.##.#P.#. #@.#
#.##.#..#.
#Sg.......##.#..#.
#...########.#..#.
.....# #.#..#. ......#
#.#..#. .....?..# #P.#.
........+ #..#.
.........# #..#. #P #.


You could see an adder and a goblin.


Message History

You hit the endoplasm but do no damage. The endoplasm freezes you.
You are frozen. 😮 HP[-4]
You take 4 damage, and now have 12/16 hp.
MASSIVE DAMAGE!! (PAUSE)
You hit the endoplasm but do no damage.
You hit the endoplasm with your +0 long sword.
You kill the endoplasm!
A ribbon worm comes into view. 😎 HP[+4]
Your hp is fully restored (16).
A ribbon worm is nearby!
You hit the ribbon worm with your +0 long sword.
You hit the ribbon worm with your +0 dagger.
The ribbon worm bites you. 😮 HP[-4]
You take 4 damage, and now have 12/16 hp.
MASSIVE DAMAGE!! (PAUSE)
You hit the ribbon worm but do no damage.
You hit the ribbon worm with your +0 dagger.
The ribbon worm expels a string of sticky webbing.
The stream of webbing misses you.
You hit the ribbon worm with your +0 long sword.
You hit the ribbon worm with your +0 dagger.
The ribbon worm bites you. 😮 HP[-1]
You take 1 damage, and now have 11/16 hp.
You hit the ribbon worm with your +0 long sword.
You hit the ribbon worm but do no damage. 😮 HP[+1]
You completely miss the ribbon worm with your +0 dagger.
You hit the ribbon worm but do no damage.
The ribbon worm barely misses you.
Unknown command.
You slash the ribbon worm with your +0 long sword!
You kill the ribbon worm!
Found an escape hatch in the floor. 😕 HP[+1] No target in view!
No target in view!
A goblin comes into view. It is wielding a +0 dagger.
The goblin shouts!
An adder comes into view.
The goblin unwields a +0 dagger.
The goblin wields a +0 sling.
The goblin shoots a sling bullet.
The sling bullet barely misses you.
The adder moves out of view.
A goblin is nearby!
The adder hisses angrily.
The goblin shoots a sling bullet.
The sling bullet hits you.
You are too injured to fight recklessly!
There are monsters nearby!
You are too injured to fight recklessly!
You are too injured to fight recklessly! 😮 HP[-4]
You take 4 damage, and now have 9/16 hp.
MASSIVE DAMAGE!! (PAUSE)
The adder barely misses you. The adder misses you.
You completely miss the adder with your +0 long sword.
You hit the adder but do no damage. The adder completely misses you.
The goblin unwields a +0 sling.
The goblin wields a +0 dagger.
The goblin barely misses you. 😮 HP[+1]
You barely miss the adder with your +0 long sword.
You barely miss the adder with your +0 dagger.
The adder closely misses you. The goblin hits you but does no damage.
You miss the adder with your +0 long sword.
You hit the adder with your +0 dagger. The adder barely misses you.
The adder bites you.
You are poisoned.
The adder poisons you!
The goblin hits you but does no damage. 😮 HP[-1]
You take 1 damage, and now have 9/16 hp.
You miss the adder with your +0 long sword.
You hit the adder with your +0 dagger.
You feel sick. The adder bites you.
* * * LOW HITPOINT WARNING * * *
You are lethally poisoned!
The adder poisons you! The goblin misses you. 😨 HP[-3]
You take 3 damage, and now have 6/16 hp.
You hit the adder with your +0 dagger.
You completely miss the adder with your +0 long sword.
* * * LOW HITPOINT WARNING * * *
You feel sick. The adder barely misses you.
The goblin hits you but does no damage. The adder barely misses you. 😨 HP[-1]
You take 1 damage, and now have 5/16 hp.
You closely miss the adder with your +0 dagger.
You closely miss the adder with your +0 long sword.
* * * LOW HITPOINT WARNING * * *
You feel sick. The goblin misses you. The adder closely misses you. 😱 HP[-1]
You take 1 damage, and now have 4/16 hp.
Unknown command.
You miss the adder with your +0 long sword.
You miss the adder with your +0 dagger.
* * * LOW HITPOINT WARNING * * *
You feel sick. The adder bites you but does no damage.
The goblin hits you with a +0 dagger.
You die...

Action                     || total
---------------------------++-------
  Melee: Long sword        ||    17
         Dagger            ||    16
 Armour: Leather armour    ||    10
  Dodge: Dodged            ||    17

Levels and vault maps discovered:
D:1:      minmay_arrival_diagonal_passages, layout_basic,
          minmay_misc_feat_encased
D:2:      layout_loops_corners, serial_aquarium, aquarium_bridge_square
          [aquarium_subvault_bridge, aquarium_subvault_wall,
          aquarium_subvault_wall, aquarium_subvault_window],
          aquarium_window_corridor_1, aquarium_window_fake, aquarium_view_2c,
          aquarium_balcony_3b, minivault_24

Notes
Turn   | Place    | Note
-------+----------+-------------------------------------------
     0 | D:1      | kae the Coglin Gladiator began the quest for the Orb.
     0 | D:1      | Reached XP level 1. HP: 16/16 MP: 1/1
     0 | D:1      | magus.rc [v1.11.3]
    42 | D:1      | You fall into a shaft and drop 1 floor!
   213 | D:2      | HP: 4/16 [poisoned by an adder]
   214 | D:2      | Slain by a goblin

Vanquished Creatures
  A ribbon worm (D:2)
  An endoplasm (D:2)
  A ball python (D:1)
  A rat (D:2)
4 creatures vanquished.

Table legend:
 A = Non-vault XP
 B = Vault XP
 C = Vault XP percentage of total XP
 D = Non-vault monster count
 E = Vault monster count
 F = Vault count percentage of total count
                 A         B        C        D         E       F
            +---------+---------+-------+---------+---------+-------
      Total |       8 |       0 |   0.0 |       4 |       0 |   0.0
            +---------+---------+-------+---------+---------+-------
        D:1 |       1 |       0 |   0.0 |       1 |       0 |   0.0
        D:2 |       7 |       0 |   0.0 |       3 |       0 |   0.0
            +---------+---------+-------+---------+---------+-------

Action                     || total
---------------------------++-------
  Melee: Long sword        ||    17
         Dagger            ||    16
 Armour: Leather armour    ||    10
  Dodge: Dodged            ||    17

Illustrated notes

Table legend:
 A = Kills in this place as a percentage of kills in the entire game.
 B = Kills by you in this place as a percentage of kills by you in the entire game.
 C = Kills by friends in this place as a percentage of kills by friends in the entire game.
 D = Other kills in this place as a percentage of other kills in the entire game.
 E = Experience gained in this place as a percentage of experience gained in the entire game.
 F = Experience gained in this place divided by the number of levels of this place that you have seen.
                   A       B       C       D       E      F
               +-------+-------+-------+-------+-------+----------------------
         Total | 100.0 | 100.0 |   N/A |   N/A | 100.0 |   4.0
       Dungeon | 100.0 | 100.0 |   N/A |   N/A | 100.0 |   4.0
               +-------+-------+-------+-------+-------+----------------------

Table legend: (Time is in decaauts)
 A = Elapsed time spent in this place.
 B = Non-inter-level travel time spent in this place.
 C = Inter-level travel time spent in this place.
 D = Time resting spent in this place.
 E = Time spent auto-exploring this place.
 F = Levels seen in this place.
 G = Mean time per level.
                   A        B        C        D        E       F      G
               +--------+--------+--------+--------+--------+-----+--------+
         Total |    214 |    214 |      0 |      0 |    171 |   2 |  107.0 |
       Dungeon |    214 |    214 |      0 |      0 |    171 |   2 |  107.0 |
               +--------+--------+--------+--------+--------+-----+--------+

Top non-repeatable levels by time:
     D:2: 172 daAuts
     D:1: 42 daAuts
